 Dungeon Crawl Stone Soup version 0.30-a0-373-gd37427bb62 (webtiles) character file.

Game seed: 6325100672764642348

100 qeuew the Shield-Bearer (level 5, -4/42 HPs)
             Began as a Formicid Fighter on Nov 24, 2022.
             Was a Believer of Jiyva.
             Slain by Grinder (5 damage)
             ... on level 3 of the Dungeon.
             The game lasted 00:04:02 (1453 turns).

qeuew the Shield-Bearer (Formicid Fighter)          Turns: 1453, Time: 00:04:03

Health: -4/42      AC:  7    Str: 21    XL:     5   Next: 3%
Magic:  5/5        EV:  9    Int:  7    God:    Jiyva [**....]
Gold:   82         SH:  5    Dex: 15    Spells: 4/4 levels left

rFire   . . .      SeeInvis +    a - +0 war axe
rCold   . . .      Faith    .    c - +0 buckler
rNeg    . . .      Spirit   .    b - +0 scale mail
rPois   .          Reflect  .    (helmet unavailable)
rElec   .          Harm     .    (no cloak)
rCorr   +          Rampage  .    (no gloves)
Will    .....                    (no boots)
Stlth   ..........               (no amulet)
HPRegen 1.23/turn                (no ring)
MPRegen 0.39/turn                (no ring)

@: mighty
A: permanent stasis, dig shafts and tunnels, antennae 3, four strong arms
a: Dig, Shaft Self, Renounce Religion


You were on level 3 of the Dungeon.
You worshipped Jiyva.
Jiyva was pleased with you.
You visited 1 branch of the dungeon, and saw 3 of its levels.

You collected 82 gold pieces.

Inventory:

Hand Weapons
 a - a +0 war axe (weapon)
Armour
 b - a +0 scale mail (worn)
 c - a +0 buckler (worn)
Scrolls
 f - a scroll of teleportation {unknown}
 g - a scroll of enchant armour {unknown}
 i - a scroll of amnesia
 j - 2 scrolls of summoning {unknown}
 k - a scroll of brand weapon {unknown}
 l - a scroll of fear {unknown}
Potions
 e - a potion of attraction {unknown}
 h - a potion of lignification {unknown}


   Skills:
 + Level 4.1 Fighting
 + Level 2.8 Axes
 + Level 4.0 Armour
 + Level 4.9 Shields


You had 4 spell levels left.
You didn't know any spells.
Your spell library contained the following spells:

 Spells                   Type           Power      Damage    Failure   Level
 Vhi's Electric Charge    Tloc/Air       0%         N/A       99%         3
 Arcjolt                  Conj/Air       0%         1d10      100%        5
 Maxwell's Capacitive Co  Air            0%         ∞         100%        8


Dungeon Overview and Level Annotations

Branches:
Dungeon (3/15)

Altars:
Jiyva

Annotations:
D:3 Grinder


Innate Abilities, Weirdness & Mutations

You cannot be hasted, slowed, berserked, paralysed or teleported.
You can dig through walls and to a lower floor.
You have a pair of large antennae on your head. (SInv)
Your four strong arms can wield two-handed weapons with a shield.


Message History

You are too injured to fight recklessly!
You are too injured to fight recklessly!
You are too injured to fight recklessly!
You are too injured to fight recklessly!
You are too injured to fight recklessly!
You are too injured to fight recklessly!
Okay, then.
You slash Grinder!
Grinder is moderately wounded.
You block Grinder's attack.
Unknown command.
You hit Grinder but do no damage.
Grinder is moderately wounded.
Grinder says, "There's only one good use for a tongue: cutting it out."
Grinder gestures at you. You resist with significant effort.
You hit Grinder.
Grinder is moderately wounded.
Grinder hits you.
You writhe in agony.
Grinder hits you!
* * * LOW HITPOINT WARNING * * *
You writhe in agony.
* * * LOW HITPOINT WARNING * * *
You slash Grinder!
Grinder is heavily wounded.
You block Grinder's attack.
You closely miss Grinder.
Grinder is heavily wounded.
Grinder barely misses you. Grinder hits you.
* * * LOW HITPOINT WARNING * * *
You writhe in agony.
* * * LOW HITPOINT WARNING * * *
You closely miss Grinder.
Grinder is heavily wounded.
Grinder gestures at you. You resist with significant effort.
You feel very mighty all of a sudden. Grinder hits you.
* * * LOW HITPOINT WARNING * * *
You writhe in agony.
You die...

. ########## . ...
#........#####..
....####...............
........................
...>..5@................
.........###............
.........###............
...............##.......
#..............###....#.
#.......................
###+#....###............
#.................).
.....##........#.


You could see Grinder.

Vanquished Creatures
  Crazy Yiuf (D:2)
  Robin (D:2)
  2 adders
  2 dart slugs
  An orc (D:3)
  5 giant cockroaches
  7 goblins (D:2)
  A hobgoblin (D:1)
  2 quokkas
  2 ball pythons (D:1)
  3 bats (D:2)
  A frilled lizard (D:2)
  7 kobolds
  7 rats
42 creatures vanquished.

Vanquished Creatures (others)
  An endoplasm (D:2)
  3 goblins (D:2)
  2 hobgoblins (D:2)
  A bat (D:2)
  4 fungi (D:2)
11 creatures vanquished.

Grand Total: 53 creatures vanquished

Notes
Turn   | Place    | Note
-------+----------+-------------------------------------------
     0 | D:1      | qeuew the Formicid Fighter began the quest for the Orb.
     0 | D:1      | Reached XP level 1. HP: 18/18 MP: 1/1
    70 | D:1      | Reached XP level 2. HP: 24/24 MP: 2/2
   348 | D:1      | Found a faded altar of an unknown god.
   358 | D:1      | Prayed at the altar of an unknown god.
   358 | D:1      | Became a worshipper of Jiyva Juowkin the Shapeless
   358 | D:1      | Reached * piety under Jiyva
   549 | D:2      | Reached XP level 3. HP: 29/29 MP: 3/3
   819 | D:2      | Noticed Robin
   823 | D:2      | Killed Robin
   824 | D:2      | Reached XP level 4. HP: 33/37 MP: 4/4
   832 | D:2      | Reached ** piety under Jiyva
  1068 | D:2      | Found a runed translucent door.
  1069 | D:2      | Noticed Crazy Yiuf
  1223 | D:2      | Killed Crazy Yiuf
  1425 | D:3      | Reached XP level 5. HP: 35/42 MP: 5/5
  1441 | D:3      | Noticed Grinder
  1453 | D:3      | HP: 1/42 [Grinder (5)]
  1453 | D:3      | Slain by Grinder

Illustrated notes

Levels and vault maps discovered:
D:1:      scummos_arrival_simple_crosswalls, layout_basic,
          dreamdust_ecumenical_altar_angels_and_demons
D:2:      layout_loops_ring, uniq_crazy_yiuf_cottage, uniq_robin
D:3:      kennysheep_the_goblin_king, layout_basic, serial_shops,
          nicolae_shop_hallway_plus, uniq_natasha, uniq_grinder

Skill      XL: |  1  2  3  4 |
---------------+-------------+-----
Fighting       | 4 |  4.1
Armour         | 4 |  4.0
Axes           | |  2.8
Shields        | |  4.9

Action                   |  1- 3 |  4- 6 || total
-------------------------+-------+-------++-------
Melee: War axe           |    81 |    35 ||   116
  Use: Scroll            |     2 |       ||     2
       Potion            |     1 |     2 ||     3
Armor: Scale mail        |    48 |    10 ||    58
Dodge: Dodged            |    39 |    11 ||    50
Block: Buckler           |    11 |     7 ||    18

Table legend: (Time is in decaauts)
 A = Elapsed time spent in this place.
 B = Non-inter-level travel time spent in this place.
 C = Inter-level travel time spent in this place.
 D = Time resting spent in this place.
 E = Time spent auto-exploring this place.
 F = Levels seen in this place.
 G = Mean time per level.
                   A        B        C        D        E       F      G
               +--------+--------+--------+--------+--------+-----+--------+
         Total |   1500 |   1437 |     63 |      0 |   1132 |   3 |  500.0 |
       Dungeon |   1500 |   1437 |     63 |      0 |   1132 |   3 |  500.0 |
               +--------+--------+--------+--------+--------+-----+--------+

Top non-repeatable levels by time:
     D:2: 732 daAuts
     D:1: 563 daAuts
     D:3: 204 daAuts
